 Dungeon Crawl Stone Soup version 0.31.0-11-ge490571c62 (webtiles) character file.

Game seed: 14196653749646836758

1609 Flugkiller the Thaumaturge (level 8, -1/40 HPs)
             Began as a Vine Stalker Ice Elementalist on Feb 2, 2024.
             Was a Follower of Sif Muna.
             Slain by an ice beast (2 damage)
             ... on level 7 of the Dungeon.
             The game lasted 00:09:03 (1678 turns).

Flugkiller the Thaumaturge (VSIE)                   Turns: 1678, Time: 00:09:03

Health: -1/40      AC: 10    Str: 10    XL:     8   Next: 95%
Magic:  0/21       EV: 12    Int: 17    God:    Sif Muna [*.....]
Gold:   209        SH:  0    Dex: 16    Spells: 11/23 levels left

rFire   . . .        b - +2 rapier (speed)
rCold   . . .        (no shield)
rNeg    . . .        a - +1 robe
rPois   .            (no helmet)
rElec   .            (no cloak)
rCorr   .            (no gloves)
SInv    .            (no boots)
Will    +....        (no amulet)
Stlth   ++           (no ring)
HPRegen 1.06/turn    (no ring)
MPRegen 0.17/turn

%: guardian spirit
@: ice-armoured, about to teleport, freezing walls
A: fangs 3, regeneration 1, magic shield, antimagic bite, no potion heal 2
a: Renounce Religion, Channel Magic


You were on level 7 of the Dungeon.
You worshipped Sif Muna.
Sif Muna was aware of your devotion.
You visited 2 branches of the dungeon, and saw 8 of its levels.
You also visited: Sewer and Ossuary.

You collected 209 gold pieces.

Inventory:

Hand Weapons
 b - a +2 rapier of speed (weapon)
   (You took it off Eustachio on level 5 of the Dungeon)
 c - a +1 dagger
   (You took it off a kobold on level 1 of the Dungeon)
Armour
 a - a +1 robe (worn)
 h - the +4 scale mail of Hairiness {Dex+3}
   (You found it on level 3 of the Dungeon)

   Dex+3:     It affects your dexterity (+3).
Scrolls
 e - 4 scrolls of noise
Potions
 f - a potion of mutation
 g - a potion of enlightenment
 i - a potion of degeneration {unknown}
 j - a potion of might {unknown}
 n - a potion of attraction {unknown}
 o - a potion of haste {unknown}
 q - 4 potions of curing
 s - a potion of resistance {unknown}


   Skills:
 + Level 3.5 Fighting
 - Level 1.5 Dodging
 - Level 2.4 Stealth
 + Level 8.1 Spellcasting
 - Level 7.6 Ice Magic


You had 11 spell levels left.
You knew the following spells:

 Your Spells              Type           Power      Damage    Failure   Level
a - Freeze                Ice            100%       1d10      1%          1
b - Frozen Ramparts       Ice            64%        1d10      1%          3
c - Ozocubu's Armour      Ice            32%        N/A       1%          3
d - Summon Ice Beast      Ice/Summ       19%        N/A       6%          3
e - Ensorcelled Hibernat  Hex/Ice        38%        N/A       3%          2

Your spell library contained the following spells:

 Spells                   Type           Power      Damage    Failure   Level
 Fugue of the Fallen      Necr           6%         N/A       30%         3
 Anguish                  Hex/Necr       3%         N/A       71%         4


Dungeon Overview and Level Annotations

Branches:
Dungeon (7/15) Zot: 26506  Temple (1/1) D:4 Zot: 5973   Sewer (visited)
Ossuary (visited)

Altars:
Dithmenos
Gozag
Hepliaklqana
Kikubaaqudgha
Makhleb
Okawaru
Qazlal
Ru
Sif Muna
Trog
Wu Jian
Xom
Yredelemnul


Innate Abilities, Weirdness & Mutations

You have razor-sharp teeth.
Your natural rate of healing is unusually fast.
When hurt, damage is shared between your health and your magic reserves.
Your bite disrupts and absorbs the magic of your enemies.
Potions cannot restore your health.


Message History

Unknown command.
You hit the gnoll.
You kill the gnoll!
Sif Muna accepts your kill.
Your ice beast hits the gnoll.
Your ice beast freezes the gnoll!
The wall freezes the gnoll sergeant.
The gnoll sergeant hits you from afar with a +0 trident.
* * * LOW HITPOINT WARNING * * *
The wall freezes the gnoll.
The gnoll misses you. Something barely misses your ice beast.
The gnoll hits your ice beast with a +0 club.
An orc warrior comes into view. It is wielding a +0 battleaxe.
Okay, then.
Okay, then.
Magic courses through your body.
Your ice beast hits the gnoll.
Your ice beast freezes the gnoll!
The gnoll dies!
Sif Muna accepts your kill.
The wall freezes the gnoll sergeant.
The gnoll sergeant closely misses you.
The wall freezes the gnoll.
The gnoll hits you with a +0 club.
* * * LOW HITPOINT WARNING * * *
Unknown command.
Unknown command.
You closely miss the gnoll.
The gnoll is moderately wounded.
The frozen ramparts melt away.
The gnoll sergeant closely misses you. The gnoll misses you.
Unknown command.
Casting: Frozen Ramparts (safe; 1% risk of failure)
Confirm with . or Enter, or press ? or * to list all spells.
The walls around you are covered in ice.
The wall freezes the gnoll sergeant.
The gnoll sergeant hits you from afar with a +0 trident.
* * * LOW HITPOINT WARNING * * *
The wall freezes the gnoll.
The gnoll hits you with a +0 club.
* * * LOW HITPOINT WARNING * * *
The wall freezes the gnoll.
The ice beast completely resists.
The wall freezes the ice beast but does no damage.
Unknown command.
Unknown command.
You hit the gnoll. You bite the gnoll.
You kill the gnoll!
Sif Muna accepts your kill.
Your ice beast hits the gnoll.
Your ice beast freezes the gnoll.
The gnoll dies!
Sif Muna accepts your kill.
Your Spellcasting skill increases to level 8!
Unknown command.
Unknown command.
Press: ? - help, v - describe, . - travel, g - get item
Here: a gnoll sergeant, wielding a +0 trident and wearing a +0 ring mail (severely wounded)
Items here: $ ) [ †.
The floor.
Unknown command.
Unknown command.
Unknown command.
Okay, then.
As you read the scroll of teleportation, it crumbles to dust.
You feel strangely unstable.
The wall freezes the gnoll sergeant.
The gnoll sergeant completely misses you.
The ice beast hits you but does no damage.
Unknown command.
You hit the ice beast but do no damage.
The wall freezes the gnoll sergeant.
The gnoll sergeant hits you from afar with a +0 trident!
* * * LOW HITPOINT WARNING * * *
The ice beast hits you but does no damage.
Your ice beast barely misses the ice beast.
Unknown command.
You hit the ice beast but do no damage. You bite the ice beast!
You drain its power.
You feel invigorated.
The ice beast is moderately wounded.
The ice beast hits you but does no damage.
The wall freezes the gnoll sergeant.
The gnoll sergeant barely misses you.
An orc priest comes into view. It is wielding a +0 mace.
An orc comes into view.
It is wielding a +0 flail of protection.
The wall freezes the orc warrior!
You barely miss the ice beast.
You bite the ice beast, but do no damage.
The ice beast is moderately wounded.
Your ice beast hits the ice beast.
Your ice beast freezes the ice beast.
The ice beast completely resists.
The wall freezes the gnoll sergeant!
You kill the gnoll sergeant!
Sif Muna accepts your kill.
The wall freezes the orc warrior but does no damage.
The orc warrior hits you with a +0 battleaxe.
* * * LOW HITPOINT WARNING * * *
The orc warrior hits your ice beast with a +0 battleaxe!
The ice beast hits you. The ice beast freezes you!
* * * LOW HITPOINT WARNING * * *
Unknown command.
You hit the ice beast. You bite the ice beast. You drain its power.
You feel invigorated.
The ice beast is heavily wounded.
Your ice beast hits the ice beast but does no damage.
The wall freezes the orc warrior but does no damage.
The orc warrior hits you with a +0 battleaxe!
* * * LOW HITPOINT WARNING * * *
The orc warrior barely misses your ice beast.
The ice beast hits you.
You die...

.......................
#....................
#........####........ #
#.......## #..<......
..#.##......##.##.......##
...................>......
........######...##...#...
....o...).........#..##...
....o..)o@...........# .#
.......$#YY........... #
................# ....
..##...)......##. .
............#
.....#.........
....##....##.... .. #....#
..§§


You could see an orc warrior, an ice beast (ally target), an orc priest, an orc
and a friendly ice beast (summoned).

Vanquished Creatures
  A sky beast (D:4)
  A centaur (D:6)
  3 elf zombies
  A weeping skull (Ossuary)
  3 bullfrogs
  A gnoll sergeant (D:7)
  A scorpion (D:5)
  A burial acolyte (Ossuary)
  A howler monkey (D:6)
  A centaur zombie (Ossuary)
  2 human zombies
  A hound (D:6)
  2 iguanas
  Jessica (D:3)
  A human skeleton (D:5)
  2 hound zombies (Ossuary)
  2 mummies (Ossuary)
  2 gnolls (D:7)
  5 adders
  5 river rats (Sewer)
  5 orcs (D:7)
  10 ball pythons
  2 bats
  4 endoplasms
  6 gnoll zombies (Ossuary)
  A goblin (D:2)
  3 hobgoblins
  4 jackals (D:3)
  A kobold (D:1)
  2 quokkas
  4 frilled lizards
  An orc skeleton (D:5)
  3 orc zombies
  28 rats
111 creatures vanquished.

Vanquished Creatures (collateral kills)
  Eustachio (D:5)
  A phantom (D:6)
  A jelly (D:7)
  A hound zombie (Ossuary)
  2 gnolls (D:7)
  2 ball pythons (Sewer)
  A frilled lizard (Sewer)
9 creatures vanquished.

Vanquished Creatures (others)
  A burial acolyte (Ossuary)
1 creature vanquished.

Grand Total: 121 creatures vanquished

Notes
Turn   | Place    | Note
-------+----------+-------------------------------------------
     0 | D:1      | Flugkiller the Vine Stalker Ice Elementalist began the
                  | quest for the Orb.
     0 | D:1      | Reached XP level 1. HP: 9/9 MP: 4/4
   139 | D:2      | Reached XP level 2. HP: 13/13 MP: 1/6
   246 | D:3      | Identified the +4 scale mail of Hairiness {Dex+3}
   252 | D:3      | Reached XP level 3. HP: 15/16 MP: 2/8
   253 | D:3      | Reached skill level 3 in Spellcasting
   272 | D:3      | Learned a level 3 spell: Frozen Ramparts
   301 | D:3      | Learned a level 3 spell: Ozocubu's Armour
   309 | D:3      | Noticed Jessica
   318 | D:3      | Found a glowing drain.
   328 | D:3      | Killed Jessica
   329 | D:3      | Reached XP level 4. HP: 5/21 MP: 0/10
   341 | Sewer    | Entered a sewer
   381 | Sewer    | Reached skill level 5 in Ice Magic
   412 | Sewer    | Learned a level 3 spell: Summon Ice Beast
   458 | Sewer    | Reached XP level 5. HP: 20/24 MP: 2/11
   501 | Sewer    | Reached skill level 4 in Spellcasting
   618 | Sewer    | Reached XP level 6. HP: 27/28 MP: 4/13
   710 | D:4      | Found a staircase to the Ecumenical Temple.
   717 | Temple   | Entered the Ecumenical Temple
   730 | Temple   | Became a worshipper of Sif Muna the Loreminder
   751 | D:4      | Noticed a sky beast
   774 | D:4      | Killed a sky beast
   775 | D:4      | Reached skill level 5 in Spellcasting
   789 | D:4      | You fall into a shaft and drop 3 floors!
   801 | D:6      | Reached XP level 7. HP: 28/32 MP: 6/16
   817 | D:5      | Entered Level 5 of the Dungeon
   851 | D:5      | Noticed Eustachio
   863 | D:5      | Killed Eustachio
   925 | D:5      | Found a sand-covered staircase.
   931 | Ossuary  | Entered an ossuary
   967 | Ossuary  | Reached skill level 6 in Spellcasting
  1090 | Ossuary  | Gained mutation: You have razor-sharp teeth. [Vine Stalker
                  | growth]
  1090 | Ossuary  | Reached XP level 8. HP: 31/36 MP: 14/18
  1108 | Ossuary  | Reached * piety under Sif Muna
  1307 | D:5      | Reached skill level 7 in Spellcasting
  1322 | D:5      | Reached skill level 1 in Fighting
  1351 | D:5      | Learned a level 2 spell: Ensorcelled Hibernation
  1674 | D:7      | Reached skill level 8 in Spellcasting
  1675 | D:7      | HP: 2/40 [gnoll sergeant/+0 trident (4)]
  1678 | D:7      | Slain by an ice beast

Illustrated notes

Levels and vault maps discovered:
D:1:      heliophobic_arrival_glass_houses, layout_loops_ring
D:2:      layout_basic
D:3:      layout_rooms, vehumet_crystals, portal_sewer_entry_d, uniq_natasha,
          uniq_jessica
D:4:      layout_gridville, marbit_many_paths, temple_green,
          gammafunk_ghost_arena, uniq_robin, uniq_edmund
D:5:      layout_basic, ebering_ghost_disaster_area,
          nicolae_ossuary_entry_catacombs, uniq_eustachio
D:6:      nicolae_cairo_tiling_large_dashed, layout_gridville,
          general_overflow_altar, kennysheep_mini
D:7:      layout_cave_pools, mainiacjoe_overflow_brackets
Temple:   dshaligram_water_room_temple

Skill      XL: |  1  2  3  4  5  6  7  8 |
---------------+-------------------------+-----
Spellcasting   | 3 4 5 6 8 |  8.1
Ice Magic      | 5 6 7 |  7.6
Fighting       | 3 |  3.5
Dodging        | |  1.5
Stealth        | |  2.4

Action                     |  1- 3 |  4- 6 |  7- 9 || total
---------------------------+-------+-------+-------++-------
  Melee: Dagger            |    26 |    70 |    24 ||   120
         Bite              |     8 |    17 |    88 ||   113
         Rapier            |       |       |   180 ||   180
         Punch             |       |       |     2 ||     2
   Cast: Freeze            |    19 |    13 |     2 ||    34
         Frozen Ramparts   |     1 |     8 |    15 ||    24
         Summon Ice Beast  |       |     2 |    10 ||    12
         Ozocubu's Armour  |       |     1 |     7 ||     8
         Ensorcelled Hiber |       |       |     3 ||     3
    Use: Potion            |       |     2 |     1 ||     3
         Scroll            |       |     5 |    12 ||    17
   Stab: Invisible         |       |     1 |       ||     1
         Sleeping          |       |     1 |     3 ||     4
 Armour: Robe              |    28 |    49 |   136 ||   213
  Dodge: Dodged            |    25 |    80 |   104 ||   209
